 Dungeon Crawl Stone Soup version 0.27-a0-562-g0d39f094a4 (webtiles) character file.

Game seed: 10667459377096963962

322 jestyr24 the Shield-Bearer (level 6, 0/47 HPs)
             Began as a Demonspawn Fighter on Mar 8, 2021.
             Slain by Purgy (5 damage)
             ... on level 3 of the Dungeon.
             The game lasted 00:10:19 (3615 turns).

jestyr24 the Shield-Bearer (Demonspawn Fighter)     Turns: 3615, Time: 00:10:20

Health: 0/47       AC:  6    Str: 19    XL:     6   Next: 22%
Magic:  6/6        EV:  8    Int:  9    God:
Gold:   81         SH:  9    Dex: 12    Spells: 5/5 levels left

rFire    . . .     SeeInvis .   a - +0 war axe
rCold    . . .     Faith    .   c - +0 kite shield
rNeg     . . .     Spirit   .   b - +0 scale mail
rPois    .         Reflect  .   (helmet restricted)
rElec    .         Harm     .   (no cloak)
rCorr    .         Rampage  .   (no gloves)
Will     .....                  (no boots)
Stlth    ..........             (no amulet)
HPRegen  0.15/turn              (no ring)
MPRegen  0.20/turn              (no ring)

@: no status effects
A: antennae 1, magic regeneration
a: no special abilities


You were on level 3 of the Dungeon.
You visited 1 branch of the dungeon, and saw 3 of its levels.

You collected 81 gold pieces.

Inventory:

Hand Weapons
 a - a +0 war axe (weapon)
 p - a +2 dagger of chaos
Missiles
 q - 6 javelins (quivered)
Armour
 b - a +0 scale mail (worn)
 c - a +0 kite shield (worn)
Jewellery
 m - a +4 ring of protection
Scrolls
 e - 2 scrolls of blinking {unknown}
 g - 6 scrolls of identify {unknown}
 h - a scroll of magic mapping {unknown}
 j - 2 scrolls of random uselessness {unknown}
 k - a scroll of enchant armour {unknown}
 l - a scroll of teleportation {unknown}
 n - a scroll of fear {unknown}
Potions
 d - 2 potions of might
 f - a potion of lignification {unknown}
 i - a potion of heal wounds
 o - a potion of brilliance {unknown}
 r - a potion of resistance {unknown}


   Skills:
 + Level 3.3 Fighting
 + Level 3.7 Axes
 + Level 3.5 Armour
 + Level 1.6 Dodging
 + Level 0.2 Stealth
 + Level 4.2 Shields


You had 5 spell levels left.
You didn't know any spells.
Your spell library was empty.

Dungeon Overview and Level Annotations

Branches:
Dungeon (3/15)

Altars:
Xom
Zin

Shops:
D:2 *

Annotations:
D:3 1 runed translucent door, Purgy; tinescath's ghost, amateur KoHu


Innate Abilities, Weirdness & Mutations

You have a pair of small antennae on your head.
You regenerate magic rapidly.


Message History

The jackal bites you but does no damage.
You slash the jackal!
You kill the jackal!
You block the jackal's attack.
You barely miss the jackal. You block the jackal's attack.
The jackal barely misses you.
You slash the jackal!
You kill the jackal!
A jackal comes into view.
You block the jackal's attack.
The jackal barks!
You hit the jackal.
The jackal is almost dead.
The jackal bites you but does no damage.
You block the jackal's attack.
You hit the jackal.
You kill the jackal!
Purgy bites you. Purgy closely misses you. You block Purgy's attack.
You closely miss Purgy. Purgy completely misses you.
Purgy claws you but does no damage. Purgy claws you.
You hit Purgy.
Purgy is lightly wounded.
Purgy bites you. Purgy claws you but does no damage. You block Purgy's attack.
Purgy bites you. You block Purgy's attack. Purgy barely misses you.
You barely miss Purgy. Purgy bites you.
* * * LOW HITPOINT WARNING * * *
Purgy claws you but does no damage. Purgy barely misses you.
You completely miss Purgy. You block Purgy's attack.
Purgy claws you but does no damage. You block Purgy's attack. Purgy bites you.
* * * LOW HITPOINT WARNING * * *
Purgy claws you but does no damage. x2
You hit Purgy but do no damage. Purgy bites you.
* * * LOW HITPOINT WARNING * * *
Purgy claws you but does no damage. Purgy barely misses you.
You hit Purgy.
Purgy is lightly wounded.
Purgy snarls, "My home!
Leave!"
Purgy bites you but does no damage. Purgy closely misses you.
Purgy claws you but does no damage. Purgy bites you.
You die...

# ### ##.## ##.# #...#
##... #..># ##.... #...#
#..... # #####...###.##.#
.#.##.####...........##..
......hT@...........[....
.##.#..###..........(###.
).?.. #####...###)####
....##. #...# #..... .##
#. #...# ###### #. #...#
#.#.## .. ##.## #^#.## ##
#.####...#. #.##.'._.'.


You could see Purgy and a jackal.

Vanquished Creatures
  A bullfrog (D:3)
  4 crimson imps (D:3)
  5 adders
  An ooze (D:1)
  2 worms
  A dart slug (D:2)
  2 leopard geckos
  An orc (D:3)
  A ball python (D:1)
  3 giant cockroaches
  10 goblins
  6 hobgoblins
  7 jackals (D:3)
  6 kobolds
  8 bats
  5 frilled lizards
  12 rats
75 creatures vanquished.

Notes
Turn   | Place    | Note
-------+----------+-------------------------------------------
     0 | D:1      | jestyr24 the Demonspawn Fighter began the quest for the
                  | Orb.
     0 | D:1      | Reached XP level 1. HP: 18/18 MP: 1/1
   503 | D:1      | Reached skill level 3 in Shields
   503 | D:1      | Gained mutation: You have a pair of small antennae on your
                  | head. [demonic ancestry]
   503 | D:1      | Reached XP level 2. HP: 24/24 MP: 2/2
  1043 | D:2      | Reached XP level 3. HP: 24/29 MP: 3/3
  1609 | D:2      | Found Zin's Purification Station.
  1722 | D:2      | Reached XP level 4. HP: 12/35 MP: 4/4
  2749 | D:3      | Found a runed translucent door.
  2752 | D:3      | Noticed tinescath's ghost (amateur KoHu)
  2846 | D:3      | Found a shimmering altar of Xom.
  2858 | D:3      | Reached skill level 4 in Shields
  2858 | D:3      | Reached XP level 5. HP: 36/41 MP: 5/5
  2893 | D:3      | Reached skill level 1 in Dodging
  3362 | D:3      | Gained mutation: You regenerate magic rapidly. [demonic
                  | ancestry]
  3362 | D:3      | Reached XP level 6. HP: 14/47 MP: 6/6
  3591 | D:3      | Noticed Purgy
  3615 | D:3      | Slain by Purgy

Illustrated notes

Levels and vault maps discovered:
D:1:      elethiomel_arrival_quiet, layout_loops_ring, moated_statue,
          minmay_split_cup_large
D:2:      layout_basic, zin_purify
D:3:      layout_loops_cross, led_xom_imps, ebering_ghost_sewer_d, uniq_purgy

Skill      XL: |  1  2  3  4  5 |
---------------+----------------+-----
Shields        | 3 4 |  4.2
Armour         | 3 |  3.5
Axes           | 2 3 |  3.7
Dodging        | 1 |  1.6
Fighting       | |  3.3
Stealth        | |  0.2

Action                   |  1- 3 |  4- 6 || total
-------------------------+-------+-------++-------
Melee: War axe           |   104 |   179 ||   283
  Use: Potion            |       |     1 ||     1
Armor: Scale mail        |    61 |   112 ||   173
Dodge: Dodged            |    35 |    86 ||   121
Block: Kite shield       |    58 |   128 ||   186

Table legend: (Time is in decaauts)
 A = Elapsed time spent in this place.
 B = Non-inter-level travel time spent in this place.
 C = Inter-level travel time spent in this place.
 D = Time resting spent in this place.
 E = Time spent auto-exploring this place.
 F = Levels seen in this place.
 G = Mean time per level.
                   A        B        C        D        E       F      G
               +--------+--------+--------+--------+--------+-----+--------+
         Total |   3769 |   3631 |    138 |    440 |   2122 |   3 | 1256.3 |
       Dungeon |   3769 |   3631 |    138 |    440 |   2122 |   3 | 1256.3 |
               +--------+--------+--------+--------+--------+-----+--------+

Top non-repeatable levels by time:
     D:2: 1766 daAuts
     D:1: 1066 daAuts
     D:3: 936 daAuts
